 Dungeon Crawl Stone Soup version 0.23.2-1-ga50397a (webtiles) character file.

Game seed: 18162574081654971625

2339 IBeShadow the Fighter (level 9, -3/68 HPs)
             Began as a Demonspawn Chaos Knight on May 20, 2019.
             Was a Plaything of Xom.
             Succumbed to a killer bee's poison
             ... on level 6 of the Dungeon.
             The game lasted 00:12:42 (7530 turns).

IBeShadow the Fighter (Demonspawn Chaos Knight)     Turns: 7530, Time: 00:12:43

Health: -3/68      AC:  6    Str: 14 (17) XL:     9   Next: 19%
Magic:  1/9        EV: 10    Int: 14 (18) God:    Xom [.....*]
Gold:   336        SH:  0    Dex: 13 (14) Spells: 8/8 levels left

rFire    . . .     SeeInvis .   a - +0 mace (chaos)
rCold    . . .     Gourm    .   (no shield)
rNeg     . . .     Faith    .   f - +0 scale mail (curse)
rPois    .         Spirit   +   (helmet restricted)
rElec    +         Reflect  .   o - +0 cloak
rCorr    .         Harm     .   v - +1 pair of gloves
MR       .....                  (no boots)
Stlth    +.........             (no amulet)
HPRegen  0.21/turn              E - ring of Siwileav {Wiz +Blink rElec Str+2}
MPRegen  0.22/turn              B - +3 ring of intelligence

@: lethally poisoned (-3 -> -29), very heavily drained
A: antennae 1, repulsion field 1, blurry vision 1, clever 1, deformed body,
deterioration 1, frail 1, nightstalker 1, magic shield, magic regeneration
a: Renounce Religion, Evoke Blink


You were on level 6 of the Dungeon.
You worshipped Xom.
You were Xom's teddy bear.
You were not hungry.

You visited 2 branches of the dungeon, and saw 8 of its levels.

You collected 336 gold pieces.

Inventory:

Hand Weapons
 a - a +0 mace of chaos (weapon)
Armour
 b - a +2 leather armour
 f - a cursed +0 scale mail (worn)
 o - a +0 cloak (worn)
 v - a +1 pair of gloves (worn)
Jewellery
 y - an uncursed ring of resist corrosion
 B - a +3 ring of intelligence (right hand)
 E - the ring of Siwileav (left hand) {Wiz +Blink rElec Str+2}
   (You found it on level 6 of the Dungeon)

   [ring of wizardry]

   It improves your spell success rate.
   It affects your strength (+2).
   It insulates you from electricity.
   It lets you blink.
Wands
 k - a wand of flame (47)
 D - a wand of polymorph (8)
Scrolls
 g - a scroll of noise {unknown}
 h - 5 scrolls of remove curse {unknown}
 n - 3 scrolls of enchant armour {unknown}
 u - 6 scrolls of teleportation {unknown}
 w - 2 scrolls of amnesia {unknown}
 x - 2 scrolls of fear {unknown}
 A - 2 scrolls of magic mapping {unknown}
 C - 5 scrolls of identify {unknown}
 F - a scroll of blinking {unknown}
 G - a scroll of immolation {unknown}
Potions
 d - a potion of might {unknown}
 e - 2 potions of flight
 i - a potion of cancellation {unknown}
 l - a potion of berserk rage
 m - a potion of haste {unknown}
 p - a potion of resistance {unknown}
 q - a potion of degeneration
 r - a potion of curing
 s - a potion of brilliance
 t - a potion of lignification {unknown}
 z - a potion of agility {unknown}
Comestibles
 c - 7 rations


   Skills:
 + Level 9.3(5.6) Fighting
 + Level 8.5(4.9) Maces & Flails
 - Level 1.7(0.0) Armour
 - Level 0.8(0.0) Dodging


You had 8 spell levels left.
You didn't know any spells.
Your spell library contained the following spells:

 Spells                   Type           Power        Failure   Level  Hunger
 Animate Skeleton         Necr           N/A          45%         1    ##.....
 Apportation              Tloc           #.....       45%         1    ##.....
 Confusing Touch          Hex            #.....       45%         1    ##.....
 Summon Small Mammal      Summ           #...         45%         1    ##.....


Dungeon Overview and Level Annotations

Branches:
Dungeon (7/15)             Temple (1/1) D:5

Altars:
Ashenzari
Cheibriados
Dithmenos
Elyvilon
Fedhas
Gozag
Hepliaklqana
Kikubaaqudgha
Makhleb
Nemelex Xobeh
Okawaru
Qazlal
Ru
Sif Muna
Trog
Uskayaw
Vehumet
Wu Jian
Xom
Yredelemnul
Zin
The Shining One

Annotations:
D:4 Eustachio


Innate Abilities, Weirdness & Mutations

You have a pair of small antennae on your head.
You are surrounded by a mild repulsion field. (EV +2)
You are slightly more attuned to the shadows.
When hurt, damage is shared between your health and your magic reserves.
You regenerate magic rapidly.
Scrolls take you a little longer to read.
Your mind is acute. (Int +2)
Armour fits poorly on your strangely shaped body.
Your body sometimes deteriorates upon taking damage.
You are frail. (-10% HP)


Message History

* * * LOW HITPOINT WARNING * * *
You feel very sick. The water moccasin misses you. The killer bee stings you.
* * * LOW HITPOINT WARNING * * *
You are more poisoned.
The killer bee poisons you! The water moccasin barely misses you.
Unknown command.
* * * LOW HITPOINT WARNING * * *
You feel sick.
The leopard gecko skeleton barely misses you.
There is a stone staircase leading up here.
* * * LOW HITPOINT WARNING * * *
You feel very sick. The water moccasin closely misses you.
The leopard gecko skeleton bites you.
* * * LOW HITPOINT WARNING * * *
The water moccasin bites you.
* * * LOW HITPOINT WARNING * * *
You climb upwards.
You die...
Xom thinks this is hilarious!

.#.............#..#....#.# #..##
.##..............#.......# #.###
.#####..#.##...###.##....# ##...#
..#####......#####.###.#.###....#
#..))..##.#..###...###...........
######........##.#...............
.####.>..........<.##....##......
...........##....[###.#####.#....
#....########..S@..##.# #....##
##..............y...#.# #....##
#.....................#####..####
.......................##........
............#.....###..##.#.#.###
..#.#..............#.........<###
..#.#..............#.#......#....
....#..............#.....##.#....
##..#.......#.....##........#....


You could see a water moccasin and a killer bee.

Vanquished Creatures
  Sigmund (D:2)
  A water moccasin (D:4)
  5 ogres
  2 ice beasts
  A boggart (D:4)
  A bullfrog (D:6)
  A killer bee (D:5)
  5 wights (D:6)
  5 crimson imps
  A bullfrog zombie (D:5)
  A hound (D:4)
  An orc priest (D:7)
  A bullfrog skeleton (D:4)
  A centaur skeleton (D:6)
  5 orc wizards
  Terence (D:2)
  An iguana (D:5)
  Natasha (thrice) (D:2)
  6 worker ants
  A hound zombie (D:5)
  A worker ant zombie (D:5)
  2 gnolls (D:3)
  9 adders
  2 river rats (D:4)
  A shadow imp (D:6)
  An ooze (D:1)
  An adder skeleton (D:5)
  3 worms
  3 dart slugs
  2 leopard geckos
  12 orcs
  A ball python (D:3)
  7 giant cockroaches
  5 goblins
  3 hobgoblins (D:1)
  10 jackals
  4 quokkas
  6 bats
  4 frilled lizards
  A giant cockroach zombie (D:5)
  A jackal zombie (D:7)
  11 kobolds
  A kobold zombie (D:7)
  A leopard gecko skeleton (D:7)
  A leopard gecko zombie (D:5)
  11 rats
148 creatures vanquished.

Vanquished Creatures (collateral kills)
  A necrophage (D:6)
  An ogre (D:6)
2 creatures vanquished.

Grand Total: 150 creatures vanquished

Notes
Turn   | Place    | Note
-------+----------+-------------------------------------------
     0 | D:1      | IBeShadow the Demonspawn Chaos Knight began the quest for
                  | the Orb.
     0 | D:1      | Reached XP level 1. HP: 18/18 MP: 1/1
    55 | D:1      | XOM: harmless Pois miscast
   142 | D:1      | Gained mutation: You are surrounded by a mild repulsion
                  | field. (EV +2) [demonic ancestry]
   142 | D:1      | Reached XP level 2. HP: 23/24 MP: 2/2
   389 | D:1      | XOM: potion effect (haste)
   572 | D:1      | Gained mutation: When hurt, damage is shared between your
                  | health and your magic reserves. [demonic ancestry]
   572 | D:1      | Reached XP level 3. HP: 24/29 MP: 3/3
   879 | D:2      | Noticed Terence
   890 | D:2      | XOM: cast spell 'Shadow Creatures'
   985 | D:2      | Killed Terence
   985 | D:2      | Reached skill level 4 in Fighting
   986 | D:2      | XOM: polymorph rat -> quokka
  1031 | D:2      | Noticed Sigmund
  1038 | D:2      | Killed Sigmund
  1038 | D:2      | Gained mutation: You have a pair of small antennae on your
                  | head. [demonic ancestry]
  1038 | D:2      | Reached XP level 4. HP: 22/38 MP: 4/4
  1038 | D:2      | Gained mutation: You regenerate magic rapidly. [demonic
                  | ancestry]
  1038 | D:2      | Reached XP level 5. HP: 25/43 MP: 5/5
  1191 | D:2      | Reached skill level 5 in Fighting
  1320 | D:2      | Noticed Natasha
  1329 | D:2      | Killed Natasha
  1331 | D:2      | Noticed Natasha
  1343 | D:2      | Killed Natasha
  1343 | D:2      | Reached XP level 6. HP: 23/51 MP: 4/6
  1534 | D:2      | Noticed Natasha
  1535 | D:2      | XOM: cast spell 'Summon Small Mammal'
  1536 | D:2      | XOM: divination: magic mapping
  1571 | D:2      | Killed Natasha
  2229 | D:3      | Reached skill level 5 in Maces & Flails
  2235 | D:3      | XOM: polymorph gnoll -> leopard gecko
  3121 | D:3      | Found an iron altar of Okawaru.
  3222 | D:4      | XOM: harmless Summ miscast
  3243 | D:4      | Reached skill level 6 in Fighting
  3254 | D:4      | XOM: 6-stop teleportation journey
  3255 | D:4      | Noticed an ice beast
  3257 | D:4      | XOM: polymorph hound -> boggart
  3264 | D:4      | XOM: swap monsters
  3284 | D:4      | Gained mutation: You are slightly more attuned to the
                  | shadows. [demonic ancestry]
  3284 | D:4      | Reached XP level 7. HP: 25/58 MP: 5/7
  3545 | D:4      | XOM: fake destruction
  3617 | D:4      | XOM: give mutations
  3617 | D:4      | Gained mutation: You are frail. (-10% HP) [Xom's mischief]
  3617 | D:4      | Gained mutation: Your body sometimes deteriorates upon
                  | taking damage. [Xom's mischief]
  3617 | D:4      | Gained mutation: Armour fits poorly on your strangely
                  | shaped body. [Xom's mischief]
  3648 | D:4      | Reached skill level 7 in Fighting
  3727 | D:4      | Reached XP level 8. HP: 46/60 MP: 8/8
  3735 | D:4      | Noticed Eustachio
  3736 | D:4      | XOM: potion effect (might)
  3884 | D:3      | XOM: cloud trail
  4206 | D:4      | XOM: polymorph rat -> river rat
  4243 | D:4      | XOM: give mutations
  4243 | D:4      | Gained mutation: Scrolls take you a little longer to read.
                  | [Xom's mischief]
  4243 | D:4      | Gained mutation: Your mind is acute. (Int +2) [Xom's
                  | mischief]
  4415 | D:4      | XOM: god gift: 7 arrows
  4454 | D:5      | XOM: stealth player
  4454 | D:5      | Entered Level 5 of the Dungeon
  4512 | D:5      | XOM: harmless Hex miscast
  4643 | D:5      | XOM: enchant monster (bad)
  4718 | D:5      | Reached skill level 8 in Fighting
  4874 | D:5      | Found a staircase to the Ecumenical Temple.
  4895 | Temple   | Entered the Ecumenical Temple
  5295 | D:5      | XOM: mild Air miscast
  5468 | D:5      | XOM: 3-stop teleportation journey
  5493 | D:5      | XOM: polymorph orc wizard -> killer bee
  5497 | D:5      | XOM: mild Ice miscast
  5557 | D:5      | XOM: 4-stop teleportation journey
  5672 | D:5      | XOM: scenery: create altars
  6040 | D:6      | XOM: cast spell 'Call Canine Familiar'
  6234 | D:6      | Got a scintillating glass ring
  6248 | D:6      | Identified the ring of Siwileav {Wiz +Blink rElec Str+2}
                  | (You found it on level 6 of the Dungeon)
  6290 | D:6      | XOM: mild Ice miscast
  6423 | D:6      | Reached XP level 9. HP: 50/66 MP: 7/9
  6667 | D:6      | XOM: cloud trail
  6811 | D:6      | HP: 2/66 [something (5)]
  6835 | D:6      | HP: 4/100 [wight/cursed +4 short sword (4)]
  6836 | D:6      | Reached skill level 9 in Fighting
  6842 | D:6      | HP: 3/102 [crimson imp (2)]
  7089 | D:6      | XOM: summons 2 friendly demons
  7471 | D:7      | XOM: 1-stop teleportation journey
  7476 | D:7      | Found a runed translucent door.
  7484 | D:7      | Found a basalt altar of Yredelemnul.
  7529 | D:7      | HP: 1/68 [water moccasin (4)]
  7530 | D:6      | Succumbed to a killer bee's poison

Skill      XL: |  1  2  3  4  5  6  7  8  9 |
---------------+----------------------------+-----
Maces & Flails | 3 4 5 6 8 |  8.5
Fighting       | 4 5 6 7 8 9 |  9.3
Armour         | |  1.7
Dodging        | |  0.8

Action                   |  1- 3 |  4- 6 |  7- 9 || total
-------------------------+-------+-------+-------++-------
Melee: Mace              |    85 |   194 |   426 ||   705
       Unarmed           |       |       |     2 ||     2
  Use: Potion            |       |     2 |     6 ||     8
 Stab: Petrified         |       |    11 |       ||    11
       Paralysed         |       |     1 |     5 ||     6
       Confused          |       |     1 |       ||     1
       Petrifying        |       |     1 |       ||     1
  Eat: Chunk             |       |     8 |    11 ||    19
       Ration            |       |       |     1 ||     1
Armor: Leather armour    |     9 |       |       ||     9
       Scale mail        |    29 |    96 |   187 ||   312
Dodge: Dodged            |    50 |   143 |   262 ||   455
